 Dungeon Crawl Stone Soup version 0.29-a0-321-gf1c400731a (webtiles) character file.

Game seed: 4480501391307373314

308 Flugslaktarn the Vexing (level 6, 0/50 HPs)
             Began as a Palentonga Enchanter on Apr 2, 2022.
             Slain by a scorpion (1 damage)
             ... on level 5 of the Dungeon.
             The game lasted 00:05:22 (842 turns).

Flugslaktarn the Vexing (Palentonga Enchanter)       Turns: 842, Time: 00:05:23

Health: 0/50       AC:  5    Str: 11    XL:     6   Next: 16%
Magic:  1/9        EV:  9    Int: 18    God:
Gold:   111        SH:  0    Dex: 10    Spells: 7/9 levels left

rFire   + . .      SeeInvis +   d - +0 dagger (speed)
rCold   . . .      Faith    .   (no shield)
rNeg    . . .      Spirit   .   b - +0 robe
rPois   .          Reflect  .   i - +0 helmet
rElec   .          Harm     .   (no cloak)
rCorr   .          Rampage  .   (no gloves)
Will    .....                   (no barding)
Stlth   ++........              (no amulet)
HPRegen 0.16/turn               p - ring of protection from fire
MPRegen 0.11/turn               l - ring of flight

@: lethally poisoned (0 -> -9), flying, hasted, very quick
A: large, rugged brown scales 3, see invisible, deformed body, roll 1, armoured
tail
a: Rolling Charge


You were on level 5 of the Dungeon.
You visited 1 branch of the dungeon, and saw 5 of its levels.

You collected 111 gold pieces.

Inventory:

Hand Weapons
 a - a +1 dagger
 d - a +0 dagger of speed (weapon)
   (You took it off a goblin on level 1 of the Dungeon)
Armour
 b - a +0 robe (worn)
 i - a +0 helmet (worn)
   (You found it on level 4 of the Dungeon)
Jewellery
 l - a ring of flight (right hand)
   (You found it on level 4 of the Dungeon)
 p - a ring of protection from fire (left hand)
   (You found it on level 4 of the Dungeon)
Wands
 k - a wand of iceblast (5)
   (You found it on level 4 of the Dungeon)
 n - a wand of paralysis (7)
   (You found it on level 4 of the Dungeon)
Scrolls
 f - a scroll of silence {unknown}
 g - a scroll of immolation {unknown}
 h - a scroll of magic mapping {unknown}
 m - 2 scrolls of identify {unknown}
 t - 3 scrolls of teleportation
Potions
 c - 2 potions of invisibility
 j - a potion of flight
 o - a potion of berserk rage {unknown}


   Skills:
 - Level 3.0 Fighting
 - Level 2.0 Short Blades
 - Level 1.5 Dodging
 - Level 3.0 Stealth
 - Level 2.0 Spellcasting
 - Level 4.0 Hexes
 + Level 1.1 Ice Magic
 - Level 2.0 Evocations


You had 7 spell levels left.
You knew the following spells:

 Your Spells              Type           Power      Damage    Failure   Level
a - Ensorcelled Hibernat  Hex/Ice        22%        N/A       10%         2

Your spell library contained the following spells:

 Spells                   Type           Power      Damage    Failure   Level
 Confusing Touch          Hex            16%        N/A       11%         3
 Tukima's Dance           Hex            16%        N/A       11%         3
 Dazzling Flash           Conj/Hex       18%        N/A       24%         3


Dungeon Overview and Level Annotations

Branches:
Dungeon (5/15)
 Temple: D:4-7

Altars:


Innate Abilities, Weirdness & Mutations

You are completely covered in rugged brown scales. (AC +3, +7% HP)
You have supernaturally acute eyesight. (SInv)
Armour fits poorly on your strangely shaped body.
You can roll at nearby foes to attack.
You have a long armoured tail.


Message History

There is a stone staircase leading down here.
Your magical contamination has completely faded away.
HP restored.
There is an open door here.
There is an open door here.
There is an open door here.
There is an open door here.
There is a stone staircase leading down here.
You fly downwards.
Found a stone staircase leading down.
There is a stone staircase leading up here.
The helpless adder fails to defend itself.
You puncture the adder!
The adder is almost dead.
The adder misses you.
You hit the adder.
You kill the adder!
Training target 3.0 for Stealth reached!
Your Stealth skill increases to level 3!
You need to enable at least one skill for training.
Casting: Ensorcelled Hibernation (safe; 10% risk of failure)
Confirm with . or Enter, or press ? or * to list all spells.
Aiming: Ensorcelled Hibernation (safe; 10% risk of failure)
Press: ? - help, Shift-Dir - straight line, f - scorpion
Aim: a scorpion (chance to affect: 45%)
The scorpion resists with some effort.
Casting: Ensorcelled Hibernation (safe; 10% risk of failure)
Confirm with . or Enter, or press ? or * to list all spells.
Aiming: Ensorcelled Hibernation (safe; 10% risk of failure)
Press: ? - help, Shift-Dir - straight line, f/p - scorpion
Aim: a scorpion (chance to affect: 45%)
The scorpion resists with some effort.
Casting: Ensorcelled Hibernation (safe; 10% risk of failure)
Confirm with . or Enter, or press ? or * to list all spells.
Aiming: Ensorcelled Hibernation (safe; 10% risk of failure)
Press: ? - help, Shift-Dir - straight line, f/p - scorpion
Aim: a scorpion (chance to affect: 45%)
The scorpion resists with some effort.
The scorpion stings you!
Casting: Ensorcelled Hibernation (safe; 10% risk of failure)
Confirm with . or Enter, or press ? or * to list all spells.
Aiming: Ensorcelled Hibernation (safe; 10% risk of failure)
Press: ? - help, Shift-Dir - straight line, f/p - scorpion
Aim: a scorpion (chance to affect: 45%)
The scorpion looks drowsy...
The helpless scorpion fails to defend itself.
You puncture the scorpion!
Your tail-slap misses the scorpion.
You punch the scorpion, but do no damage.
The scorpion is heavily wounded.
You hit the scorpion but do no damage. Your punch misses the scorpion.
The scorpion is heavily wounded.
The scorpion stings you.
You are poisoned.
The scorpion poisons you!
You hit the scorpion but do no damage.
The scorpion is heavily wounded.
You feel sick.
The scorpion stings you but does no damage.
You barely miss the scorpion.
The scorpion is heavily wounded.
You feel sick.
Unknown command.
You closely miss the scorpion.
The scorpion is heavily wounded.
You feel sick. The scorpion stings you.
You hit the scorpion but do no damage.
The scorpion is heavily wounded.
You feel sick. The scorpion stings you.
You hit the scorpion but do no damage.
The scorpion is heavily wounded.
You feel sick. The scorpion stings you.
You hit the scorpion.
The scorpion is severely wounded.
You feel sick.
You hit the scorpion.
The scorpion is severely wounded.
You feel sick. The scorpion stings you.
* * * LOW HITPOINT WARNING * * *
You barely miss the scorpion.
The scorpion is severely wounded.
You feel sick. The scorpion barely misses you.
You hit the scorpion but do no damage. You tail-slap the scorpion.
The scorpion is almost dead.
The scorpion stings you.
* * * LOW HITPOINT WARNING * * *
You are lethally poisoned!
The scorpion poisons you!
You hit the scorpion.
The scorpion is almost dead.
* * * LOW HITPOINT WARNING * * *
You feel very sick.
Unknown command.
It was a potion of flight.
You feel more buoyant.
* * * LOW HITPOINT WARNING * * *
You feel very sick.
The scorpion stings you but does no damage.
It was a potion of haste.
You feel yourself speed up.
* * * LOW HITPOINT WARNING * * *
You feel sick. The scorpion stings you.
You die...

... #...... ...
....... .. .......
.. ....... #.
.............$. #.
...............
#.##...............
#.@s..............#
#>.#.#.....#.......
#..#.# ##.........
......# #.. #....
#.###.## #..####..
... ## ###........
### ........<..
........##.
...###.####


You could see a scorpion.

Vanquished Creatures
  A phantom (D:4)
  A necrophage (D:4)
  A scorpion (D:4)
  An orc priest (D:4)
  A hound (D:4)
  3 adders
  A dart slug (D:4)
  4 orcs
  2 ball pythons
  A bat (D:2)
  2 endoplasms
  A goblin (D:1)
  3 hobgoblins
  3 jackals (D:4)
  3 kobolds
  2 quokkas
  A frilled lizard (D:1)
  2 rats
33 creatures vanquished.

Notes
Turn   | Place    | Note
-------+----------+-------------------------------------------
     0 | D:1      | Flugslaktarn the Palentonga Enchanter began the quest for
                  | the Orb.
     0 | D:1      | Reached XP level 1. HP: 13/13 MP: 3/3
    21 | D:1      | Reached skill level 1 in Fighting
   114 | D:2      | Reached XP level 2. HP: 22/23 MP: 5/5
   157 | D:3      | Learned a level 2 spell: Ensorcelled Hibernation
   255 | D:4      | Reached XP level 3. HP: 19/28 MP: 3/6
   390 | D:4      | Noticed a scorpion
   402 | D:4      | Killed a scorpion
   403 | D:4      | Reached skill level 4 in Hexes
   403 | D:4      | Reached skill level 1 in Ice Magic
   403 | D:4      | Reached skill level 1 in Evocations
   403 | D:4      | Reached XP level 4. HP: 27/35 MP: 2/7
   453 | D:4      | Reached XP level 5. HP: 33/40 MP: 8/8
   499 | D:4      | Noticed a phantom
   511 | D:4      | Killed a phantom
   657 | D:4      | Reached XP level 6. HP: 39/50 MP: 9/9
   767 | D:5      | Entered Level 5 of the Dungeon
   842 | D:5      | HP: 1/50 [poisoned by a scorpion]
   842 | D:5      | Slain by a scorpion

Illustrated notes

Levels and vault maps discovered:
D:1:      heliophobic_arrival_enchanted_forest, layout_basic
D:2:      layout_rooms, serial_shops, nicolae_shop_advertising_works
          [nicolae_subvault_shop_adworks], uniq_crazy_yiuf_cottage
D:3:      layout_loops_ring, basic_ecumenical_altar
D:4:      layout_gridville
D:5:      layout_rooms, serial_shops, nicolae_shop_behind_doors,
          minmay_fractal_squares_5, uniq_prince_ribbit1

Skill      XL: |  1  2  3  4  5  6 |
---------------+-------------------+-----
Fighting       | 1 2 3 |  3.0
Short Blades   | 2 |  2.0
Hexes          | 4 |  4.0
Ice Magic      | 1 |  1.1
Evocations     | 1 2 |  2.0
Stealth        | 3 |  3.0
Dodging        | |  1.5
Spellcasting   | |  2.0

Action                   |  1- 3 |  4- 6 || total
-------------------------+-------+-------++-------
Melee: Dagger            |    79 |    77 ||   156
       Tailslap          |    12 |    13 ||    25
       Punch             |       |     2 ||     2
 Cast: Ensorcelled Hiber |     5 |     6 ||    11
 Abil: Rolling Charge    |     4 |     2 ||     6
Evoke: Wand              |       |     1 ||     1
  Use: Potion            |     1 |     3 ||     4
       Scroll            |       |     1 ||     1
 Stab: Invisible         |     3 |     2 ||     5
       Sleeping          |     3 |     3 ||     6
Armor: Robe              |    14 |    10 ||    24
Dodge: Dodged            |    20 |    18 ||    38

Table legend: (Time is in decaauts)
 A = Elapsed time spent in this place.
 B = Non-inter-level travel time spent in this place.
 C = Inter-level travel time spent in this place.
 D = Time resting spent in this place.
 E = Time spent auto-exploring this place.
 F = Levels seen in this place.
 G = Mean time per level.
                   A        B        C        D        E       F      G
               +--------+--------+--------+--------+--------+-----+--------+
         Total |    785 |    710 |     75 |      0 |      0 |   5 |  157.0 |
       Dungeon |    785 |    710 |     75 |      0 |      0 |   5 |  157.0 |
               +--------+--------+--------+--------+--------+-----+--------+

Top non-repeatable levels by time:
     D:4: 564 daAuts
     D:3: 68 daAuts
     D:1: 66 daAuts
     D:2: 54 daAuts
     D:5: 32 daAuts
